 Dungeon Crawl Stone Soup version 0.21.1-1-g345015f (webtiles) character file.

728 grindst0ne the Fighter (level 7, -1/56 HPs)
             Began as a Demonspawn Chaos Knight on Feb 24, 2018.
             Slain by Prince Ribbit (15 damage)
             ... on level 5 of the Dungeon.
             The game lasted 00:07:40 (4072 turns).

grindst0ne the Fighter (Demonspawn Chaos Knight)    Turns: 4072, Time: 00:07:41

Health: -1/56      AC: 10    Str: 14      XL:     7   Next: 44%
Magic:  7/7        EV: 12    Int: 12 (13) God:    Xom [.....*]
Gold:   300        SH:  0    Dex: 13      Spells: 6/6 levels left

rFire    . . .     SeeInvis .   a - +0 hand axe (chaos)
rCold    . . .     Gourm    .   (no shield)
rNeg     . . .     Faith    .   j - +0 scale mail
rPois    .         Spirit   .   n - +0 helmet
rElec    .         Reflect  .   d - +0 cloak
rCorr    .         Harm     .   (no gloves)
MR       .....                  k - +0 pair of boots
Stlth    ..........             (no amulet)
HPRegen  0.18/turn              (no ring)
MPRegen  0.10/turn              (no ring)

@: no status effects
A: hooves 2, repulsion field 2, demonic guardian 1, frail 1, mutation resistance
1, shaggy fur 1
a: Renounce Religion


You were on level 5 of the Dungeon.
You worshipped Xom.
You were Xom's teddy bear.
You were not hungry.

You visited 1 branch of the dungeon, and saw 6 of its levels.

You collected 300 gold pieces.

Inventory:

Hand Weapons
 a - a +0 hand axe of chaos (weapon)
Missiles
 t - a throwing net (quivered)
Armour
 b - a +2 leather armour
 d - a +0 cloak (worn)
 j - a +0 scale mail (worn)
 k - a +0 pair of boots (worn)
 n - a +0 helmet (worn)
 p - a +0 chain mail
Wands
 u - a wand of random effects (38)
Scrolls
 f - 2 scrolls of teleportation
 i - 2 scrolls of random uselessness {unknown}
 l - a scroll of remove curse {unknown}
 o - 2 scrolls of enchant weapon {unknown}
 w - a scroll of fear {unknown}
Potions
 e - a potion of degeneration
 g - a potion of resistance {unknown}
 m - a potion of might
 q - a potion of curing
 r - a potion of mutation
 s - 2 potions of flight {unknown}
 v - a potion of ambrosia {unknown}
Books
 h - a book of Changes

   Spells                             Type                      Level
   a - Beastly Appendage              Transmutation                1
   b - Sticks to Snakes               Transmutation                2
   c - Spider Form                    Transmutation/Poison         3
   d - Ice Form                       Ice/Transmutation            4
   e - Blade Hands                    Transmutation                5
Comestibles
 c - 5 rations


   Skills:
 + Level 8.9 Fighting
 - Level 2.6 Axes
 - Level 1.7 Armour
 - Level 0.8 Dodging


You had 6 spell levels left.
You didn't know any spells.

Dungeon Overview and Level Annotations

Branches:
Dungeon (6/15)
 Temple: D:4-7

Altars:

Annotations:
D:5 Prince Ribbit


Innate Abilities, Weirdness & Mutations

You have hoof-like feet.
You are surrounded by a moderate repulsion field. (EV +3)
A weak demonic guardian rushes to your aid.
You are frail. (-10% HP)
You are somewhat resistant to further mutation.
You are covered in fur. (AC +1)


Message History

Prince Ribbit hits you but does no damage.
Your ufetubus closely misses the adder.
Your ufetubus misses the adder.
You climb upwards.
Your summoned ally is left behind.
There is a stone staircase leading down here.
You miss Prince Ribbit.
Prince Ribbit blinks!
You slash Prince Ribbit!
Prince Ribbit flickers and vanishes!
Deactivating autopickup; reactivate with Ctrl-A.
Something hits you! Something hits you but does no damage.
You miss something. Something hits you. Something hits you!
You barely miss something. Something hits you! Something hits you!
* * * LOW HITPOINT WARNING * * *
There is a stone staircase leading down here.
Something hits you!
* * * LOW HITPOINT WARNING * * *
You feel better. Something hits you but does no damage.
You eat one of the 6 rations.
That ration really hit the spot!
Something hits you!
You die...
Xom yawns loudly!

####### ##.## #...# #.#.. #.#
#...# #.#.. ######### #.# #...#
#.#.. ##.......# #.# #.<.# #.#.#
.....###.###.########...#####....
.....###.##....................##
............#..................#
...[.#.#.##....................#
.....#.#.#...#..@####...####.###
.#.........#####.# #...# #.# ##
.#####.##....#.§.####...####.# #.
.# #.##.##.#.####..........###.
.# #.....>...# #.#####........ .#
####.###### #.# #....##.. .##
#.#########÷# #........
..#######.##.##.....# #...###..
#.........#.#.#.....#####.......#


There were no monsters in sight!

Vanquished Creatures
  A boggart (D:5)
  A scorpion (D:4)
  A howler monkey (D:2)
  A jelly (D:5)
  4 hounds
  An orc priest (D:3)
  An orc wizard (D:3)
  Natasha (D:2)
  A hound skeleton (D:4)
  Robin (D:2)
  6 gnolls
  5 adders
  A shadow imp (D:5)
  2 oozes (D:1)
  An adder skeleton (D:4)
  7 dart slugs
  5 leopard geckos
  8 orcs
  4 ball pythons
  8 giant cockroaches
  18 goblins
  8 hobgoblins
  9 bats
  6 frilled lizards
  A giant cockroach zombie (D:5)
  8 kobolds
  A leopard gecko skeleton (D:5)
  11 rats
122 creatures vanquished.

Vanquished Creatures (collateral kills)
  A bullfrog (shapeshifter) (D:5)
  A centaur skeleton (D:4)
  A gnoll (D:4)
  3 adders
  A leopard gecko (D:3)
  4 orcs
11 creatures vanquished.

Vanquished Creatures (others)
  A rat (D:3)
  A fungus (D:4)
2 creatures vanquished.

Grand Total: 135 creatures vanquished

Notes
Turn   | Place    | Note
-------+----------+-------------------------------------------
     0 | D:1      | grindst0ne the Demonspawn Chaos Knight began the quest for the Orb.
     0 | D:1      | Reached XP level 1. HP: 18/18 MP: 1/1
    38 | D:1      | XOM: potion effect (agility)
    41 | D:1      | Gained mutation: You have large cloven feet. [demonic ancestry]
    41 | D:1      | Reached XP level 2. HP: 21/25 MP: 2/2
   179 | D:1      | Reached skill level 4 in Fighting
   229 | D:1      | Reached XP level 3. HP: 22/30 MP: 3/3
   799 | D:2      | Noticed Natasha
   808 | D:2      | Killed Natasha
   808 | D:2      | Reached skill level 5 in Fighting
   808 | D:2      | Gained mutation: You are surrounded by a mild repulsion field. (EV +2) [demonic ancestry]
   808 | D:2      | Reached XP level 4. HP: 21/39 MP: 4/4
  1148 | D:2      | Noticed Natasha
  1152 | D:2      | Noticed Natasha
  1152 | D:2      | Natasha changed into Natasha the howler monkey
  1172 | D:2      | Killed Natasha the howler monkey
  1172 | D:2      | Gained mutation: A weak demonic guardian rushes to your aid. [demonic ancestry]
  1172 | D:2      | Reached XP level 5. HP: 31/46 MP: 5/5
  1269 | D:2      | Reached skill level 6 in Fighting
  1284 | D:2      | Noticed Robin
  1294 | D:2      | Killed Robin
  1440 | D:3      | XOM: give mutations
  1440 | D:3      | Gained mutation: You are covered in fur. (AC +1) [Xom's grace]
  1440 | D:3      | Gained mutation: You are somewhat resistant to further mutation. [Xom's grace]
  1458 | D:3      | XOM: blink monster(s)
  1686 | D:3      | Gained mutation: You have hoof-like feet. [demonic ancestry]
  1686 | D:3      | Reached XP level 6. HP: 41/53 MP: 6/6
  1740 | D:3      | Reached skill level 7 in Fighting
  2260 | D:4      | XOM: god gift: 6 curare-tipped needles
  2535 | D:4      | XOM: silly message
  2802 | D:4      | Reached skill level 8 in Fighting
  3043 | D:5      | Entered Level 5 of the Dungeon
  3050 | D:5      | Gained mutation: You are surrounded by a moderate repulsion field. (EV +3) [demonic ancestry]
  3050 | D:5      | Reached XP level 7. HP: 62/62 MP: 7/7
  3074 | D:5      | XOM: enchant monster (good)
  3121 | D:5      | Identified the +1 robe "Yfourel" {rC+} (You found it on level 5 of the Dungeon)
  3165 | D:5      | XOM: polymorph ogre -> boggart
  3180 | D:5      | XOM: give mutations
  3180 | D:5      | Gained mutation: You are frail. (-10% HP) [Xom's mischief]
  3180 | D:5      | Lost mutation: You are frail. (-10% HP) [Xom's mischief]
  3199 | D:4      | XOM: mild Fire miscast
  3319 | D:5      | XOM: confusion
  3571 | D:5      | XOM: smoke on damage
  3690 | D:5      | XOM: harmless Hex miscast
  3970 | D:5      | XOM: mild Conj miscast
  4006 | D:5      | XOM: give mutation
  4006 | D:5      | Gained mutation: You are frail. (-10% HP) [Xom's mischief]
  4055 | D:6      | Noticed Prince Ribbit
  4072 | D:5      | Slain by Prince Ribbit

Skill      XL: |  1  2  3  4  5  6 |
---------------+-------------------+-----
Fighting       | 4 5 6 8 |  8.9
Axes           | |  2.6
Armour         | |  1.7
Dodging        | |  0.8

Action                   |  1- 3 |  4- 6 |  7- 9 || total
-------------------------+-------+-------+-------++-------
Melee: Hand axe          |   109 |   258 |    77 ||   444
       Kick              |    20 |     3 |       ||    23
Throw: Throwing net      |       |       |     1 ||     1
Evoke: Wand              |       |       |     1 ||     1
  Use: Potion            |       |     3 |     1 ||     4
       Scroll            |       |       |     5 ||     5
 Stab: Petrified         |       |     5 |       ||     5
       Confused          |       |     2 |       ||     2
       Petrifying        |       |     1 |       ||     1
       Distracted        |       |       |     1 ||     1
  Eat: Chunk             |       |     5 |     1 ||     6
       Ration            |       |     1 |     1 ||     2
Armor: Leather armour    |    46 |     4 |       ||    50
       Scale mail        |       |   113 |    44 ||   157
Dodge: Dodged            |    78 |   162 |    33 ||   273
